 Dungeon Crawl Stone Soup version 0.31.0-9-g3a7656b989 (webtiles) character file.

Game seed: 18163017383143159324

89 qw the Shooter (level 4, -1/25 HPs)
             Began as a Deep Elf Hunter on Feb 2, 2024.
             Slain by Terence
             ... wielding a +0 morningstar
              (12 damage)
             ... on level 3 of the Dungeon.
             The game lasted 00:00:06 (1575 turns).

qw the Shooter (Deep Elf Hunter)                    Turns: 1575, Time: 00:00:07

Health: -1/25      AC:  5    Str: 10    XL:     4   Next: 31%
Magic:  6/6        EV: 11    Int: 14    God:
Gold:   149        SH:  5    Dex: 18    Spells: 3/3 levels left

rFire   . . .        a - +0 shortbow (freeze)
rCold   . . .        (shield currently unavailable)
rNeg    . . .        d - +0 ring mail
rPois   .            (no helmet)
rElec   .            (no cloak)
rCorr   .            (no gloves)
SInv    .            (no boots)
Will    .....        h - amulet of reflection
Stlth   +            (no ring)
HPRegen 0.24/turn    (no ring)
MPRegen 0.10/turn

%: reflection
@: no status effects
A: no striking features
a: no special abilities


You were on level 3 of the Dungeon.
You visited 1 branch of the dungeon, and saw 3 of its levels.

You collected 149 gold pieces.


   Skills:
 - Level 1.5 Fighting
 + Level 7.7 Ranged Weapons
 - Level 2.4 Dodging
 - Level 1.2 Stealth


You had 3 spell levels left.
You didn't know any spells.
Your spell library was empty.

Inventory:

Hand Weapons
 a - a +0 shortbow of freezing (weapon)
Armour
 d - a +0 ring mail (worn)
Jewellery
 h - an amulet of reflection (around neck)
Potions
 b - a potion of haste {unknown}
 e - a potion of mutation {unknown}
 f - a potion of enlightenment {unknown}
 g - a potion of degeneration {unknown}

Dungeon Overview and Level Annotations

Branches:
Dungeon (3/15)

Altars:

Shops:
D:1 (

Annotations:
D:3 Terence


Message History

You kill the orc!
You shoot an arrow. The arrow hits Terence.
The arrow freezes Terence.
Terence is lightly wounded.
A frilled lizard comes into view.
You shoot an arrow. The frilled lizard hisses angrily.
The arrow hits Terence.
The arrow freezes Terence.
Terence is moderately wounded.
Terence closely misses you.
You shoot an arrow.
The arrow hits Terence but does no damage.
Terence is moderately wounded.
Terence misses you.
You shoot an arrow. The arrow hits Terence.
The arrow freezes Terence.
Terence is heavily wounded.
Terence barely misses you.
You shoot an arrow.
The arrow hits Terence but does no damage.
Terence is heavily wounded.
Terence closely misses you.
You shoot an arrow. The arrow hits Terence.
The arrow freezes Terence.
Terence is severely wounded.
Terence hits you with a +0 morningstar!
Ouch! That really hurt!
You shoot an arrow.
The arrow hits Terence but does no damage.
Terence is severely wounded.
Terence barely misses you.
You shoot an arrow. The arrow hits Terence.
The arrow freezes Terence.
Terence is almost dead.
Terence hits you with a +0 morningstar.
The frilled lizard unfolds its giant frill.
Terence closely misses you.
You shoot an arrow.
The arrow hits Terence but does no damage.
Terence is almost dead.
The frilled lizard unfolds its giant frill.
Terence hits you with a +0 morningstar!
You die...
Terence says, "Rest in peace."

..... . ..... ## ..
.... .#... ...##
..... ....###..##..
....# #.#.#@@l.....
..#.# #.#.#.#).....
.... #.#...# .....
...# #....## ....
...# ##.#.###. #..
...# #####..#..... .
...# ##............#
..(###...............
.....................


You could see Terence and a frilled lizard.

Vanquished Creatures
  3 adders
  3 ribbon worms (D:2)
  A dart slug (D:3)
  An orc (D:3)
  6 ball pythons
  2 bats
  3 endoplasms
  4 giant cockroaches
  7 goblins
  2 hobgoblins (D:2)
  2 quokkas
  6 frilled lizards
  6 kobolds
  5 rats
51 creatures vanquished.

Notes
Turn   | Place    | Note
-------+----------+-------------------------------------------
     0 | D:1      | qw the Deep Elf Hunter began the quest for the Orb.
     0 | D:1      | Reached XP level 1. HP: 12/12 MP: 3/3
     0 | D:1      | 0 ||| qw: Version: 0.3-a-155-g5e7d8dd
     0 | D:1      | 0 ||| qw: Game counter: 2535
     0 | D:1      | 0 ||| qw: Melee chars always use a shield: true
     0 | D:1      | 0 ||| qw: God list: Okawaru
     0 | D:1      | 0 ||| qw: Allow faded altars: false
     0 | D:1      | 0 ||| qw: Do Orc after clearing Dungeon:15 true
     0 | D:1      | 0 ||| qw: Do second Lair branch before Depths: true
     0 | D:1      | 0 ||| qw: Lair rune preference: random
     0 | D:1      | 0 ||| qw: Goals: Normal
     0 | D:1      | 0 ||| PLANNING D:1-11
    20 | D:1      | Found Juschek's Antique Weapon Shop.
    28 | D:1      | 28 ||| UPGRADING to +0 ring mail.
    38 | D:1      | 38 ||| DROPPING +0 leather armour.
   174 | D:1      | Reached XP level 2. HP: 16/16 MP: 4/4
   177 | D:1      | Reached skill level 6 in Ranged Weapons
   400 | D:1      | 400 ||| READING 2 scrolls labelled TOPEYH HYISTAPH.
   401 | D:1      | 401 ||| READING scroll labelled XIQI ICIFAIZOTZ.
   402 | D:1      | 402 ||| DROPPING scroll of butterflies.
   403 | D:1      | 403 ||| DROPPING scroll of revelation.
   410 | D:2      | 410 ||| STAIRDANCE
   415 | D:2      | 415 ||| STAIRDANCE
   581 | D:2      | Reached XP level 3. HP: 19/20 MP: 5/5
   710 | D:2      | Reached skill level 7 in Ranged Weapons
  1464 | D:2      | 1464 ||| UPGRADING to amulet of reflection.
  1469 | D:2      | 1469 ||| READING scroll labelled MERYHI XICASK.
  1470 | D:2      | 1470 ||| READING scroll labelled UTIRPHARAPS.
  1470 | D:2      | 1470 ||| BRANDING +0 shortbow.
  1515 | D:3      | Reached XP level 4. HP: 25/25 MP: 6/6
  1562 | D:3      | Noticed Terence
  1575 | D:3      | Slain by Terence

Levels and vault maps discovered:
D:1:      nzn_arrival_settlement, layout_rooms, serial_shops, shop
D:2:      minmay_inner_zag, layout_basic
D:3:      layout_rooms, uniq_crazy_yiuf_cottage, uniq_terence

Skill      XL: |  1  2  3 |
---------------+----------+-----
Ranged Weapons | 6 7 |  7.7
Fighting       | |  1.5
Dodging        | |  2.4
Stealth        | |  1.2

Action                     |  1- 3 |  4- 6 || total
---------------------------+-------+-------++-------
   Fire: Shortbow          |   144 |    26 ||   170
    Use: Scroll            |     4 |       ||     4
 Armour: Ring mail         |    41 |     4 ||    45
  Dodge: Dodged            |    39 |     9 ||    48

Table legend:
 A = Non-vault XP
 B = Vault XP
 C = Vault XP percentage of total XP
 D = Non-vault monster count
 E = Vault monster count
 F = Vault count percentage of total count
                 A         B        C        D         E       F
            +---------+---------+-------+---------+---------+-------
      Total |     123 |       5 |   3.9 |      48 |       3 |   5.9
            +---------+---------+-------+---------+---------+-------
        D:1 |      22 |       0 |   0.0 |      15 |       0 |   0.0
        D:2 |      65 |       5 |   7.1 |      28 |       3 |   9.7
        D:3 |      36 |       0 |   0.0 |       5 |       0 |   0.0
            +---------+---------+-------+---------+---------+-------
